Map: Odyssey LE

Players

HolyHit - Winner!

  • Race: Protoss Protoss
  • Spawn Location: 5:00

Sluskis

  • Race: Zerg Zerg
  • Spawn Location: 11:00

Event: WCS Jonkoping 2017

VOD

Have the link to the VOD?

Description

Time

  • Played on: June 17, 2017, 6:56 a.m.
  • Length: 9:40

All games in this series

Show
View Real Time Build Order
Export as new Build Order

HolyHit Protoss - Winner!

Build Orders: 1 Gate Expand, Oracle Opening, Zealot Archon 

Get SALT Encoding   

  12  0:01  Probe (Chrono Boost)  
  13  0:11  Probe (Chrono Boost)  
  14  0:18  Pylon  
  14  0:22  Probe (Chrono Boost)  
  15  0:36  Probe (Chrono Boost)  
  15  0:38  Gateway  
  16  0:43  Assimilator  
  16  0:47  Probe (Chrono Boost)  
  17  0:57  Probe (Chrono Boost)  
  18  1:08  Probe (Chrono Boost)  
  19  1:19  Probe (Chrono Boost)  
  20  1:26  Nexus  
  20  1:29  Probe (Chrono Boost)  
  21  1:42  Cybernetics Core  
  21  1:44  Probe (Chrono Boost)  
  22  1:52  Pylon  
  22  1:56  Probe (Chrono Boost)  
  22  2:00  Assimilator  
  23  2:10  Probe (Chrono Boost)  
  24  2:18  Adept (Chrono Boost)  
  24  2:20  Warp Gate  
  24  2:21  Probe  
  27  2:30  Stargate  
  27  2:33  Probe  
  28  2:37  Probe  
  28  2:43  Adept (Chrono Boost)  
  31  2:45  Probe  
  31  2:47  Probe  
  33  2:57  Probe  
  33  2:58  Probe  
  34  3:03  Gateway  
  35  3:08  Probe  
  35  3:09  Probe  
  37  3:13  Oracle (Chrono Boost)  
  37  3:19  Probe  
  40  3:21  Probe  
  41  3:29  Probe, Stalker  
  41  3:33  Probe  
  45  3:39  Pylon  
  45  3:40  Probe  
  46  3:56  Probe  
  46  3:58  Mothership Core  
  47  4:03  Oracle (Chrono Boost)  
  47  4:06  Probe  
  49  4:17  Pylon  
  49  4:19  Probe  
  49  4:20  Gateway, Assimilator  
  49  4:22  Probe  
  49  4:23  Assimilator  
  51  4:26  Nexus  
  51  4:29  Pylon  
  51  4:31  Probe  
  52  4:32  Adept  
  52  4:36  Oracle (Chrono Boost)  
  52  4:38  Pylon  
  57  4:44  Probe x2  
  59  4:47  Pylon  
  59  4:53  Gateway x2  
  59  4:54  Probe  
  59  4:56  Probe  
  60  5:03  Zealot  
  62  5:09  Pylon  
  62  5:10  Pylon  
  62  5:16  Twilight Council  
  62  5:18  Robotics Facility  
  62  5:20  Pylon  
  62  5:25  Probe  
  62  5:27  Probe  
  64  5:32  Zealot  
  64  5:33  Zealot x2, Pylon  
  70  5:36  Probe  
  70  5:39  Probe  
  66  5:48  Oracle (Chrono Boost)  
  69  5:53  Zealot, Probe  
  69  5:54  Zealot x2  
  72  5:58  Probe  
  72  6:05  Probe  
  72  6:08  Probe  
  72  6:10  Templar Archives  
  74  6:17  Probe  
  75  6:19  Probe  
  77  6:34  Nexus  
  77  6:36  Probe  
  77  6:37  Probe  
  75  6:47  Probe  
  75  6:49  Probe  
  75  6:50  Zealot  
  75  6:51  Zealot x2  
  75  6:52  Observer  
  84  7:01  Pylon  
  84  7:02  Zealot  
  84  7:04  Zealot  
  84  7:06  Probe  
  89  7:11  Charge (Chrono Boost)  
  90  7:15  Probe  
  90  7:16  Pylon  
  90  7:18  Probe  
  90  7:21  Forge, Pylon  
  91  7:27  Pylon, Probe  
  92  7:30  Probe  
  93  7:40  Probe  
  94  7:45  High Templar x5  
  94  7:50  Archon  
  94  7:51  Archon  
  102  7:55  Probe  
  102  7:56  Assimilator  
  103  8:00  Assimilator  
  103  8:04  Warp Prism  
  100  8:08  Probe  
  100  8:09  Probe  
  100  8:11  Pylon  
  104  8:17  High Templar  
  104  8:18  High Templar x2  
  110  8:20  Zealot  
  110  8:21  Zealot  
  110  8:23  Archon  
  110  8:24  Photon Cannon, Archon  
  110  8:26  Photon Cannon  
  114  8:28  Photon Cannon  
  114  8:31  Photon Cannon  
  114  8:41  Gateway  
  114  8:43  Gateway  
  114  8:45  Immortal  
  114  8:46  Gateway  
  114  8:49  Gateway  
  114  8:51  Gateway  
  118  8:56  Probe x2  
  118  9:01  High Templar x4  
  118  9:02  Zealot  
  130  9:05  Archon  
  130  9:06  Gateway, Archon  
  130  9:08  Pylon  
  126  9:30  Zealot  
  124  9:33  Zealot x2  
  124  9:34  Zealot x2  
Show
View Real Time Build Order
Export as new Build Order

Sluskis Zerg 

Build Orders: 3 Hatch before Pool 

Get SALT Encoding   

  12  0:00  Drone  
  13  0:14  Overlord  
  13  0:17  Drone  
  14  0:32  Drone x2  
  16  0:37  Drone  
  17  0:54  Hatchery  
  17  0:56  Drone  
  17  0:59  Drone  
  18  1:09  Drone  
  19  1:28  Drone  
  19  1:30  Hatchery  
  19  1:33  Drone  
  20  1:45  Spawning Pool  
  20  1:46  Drone  
  20  1:52  Extractor  
  20  1:54  Drone  
  20  2:05  Overlord  
  20  2:07  Drone  
  21  2:13  Drone  
  22  2:24  Drone  
  22  2:25  Drone  
  24  2:32  Queen x2  
  24  2:33  Zergling x2  
  29  2:41  Zergling x4  
  31  2:50  Queen  
  33  2:58  Metabolic Boost  
  33  3:13  Drone x3  
  33  3:15  Zergling x2, Overlord  
  33  3:16  Zergling x6  
  40  3:42  Drone x3  
  40  3:43  Drone x2  
  40  3:44  Drone x2  
  40  3:45  Drone x2  
  43  4:05  Drone x5  
  43  4:06  Drone  
  47  4:12  Spore Crawler  
  47  4:14  Spore Crawler x2  
  47  4:15  Zergling x6  
  47  4:16  Zergling x12  
  41  4:27  Baneling Nest  
  41  4:29  Zergling x4  
  41  4:30  Zergling x4  
  42  4:51  Zergling x4  
  42  4:52  Zergling x10  
  49  5:10  Overlord  
  49  5:15  Baneling  
  49  5:16  Baneling x8  
  49  5:29  Drone x2  
  49  5:30  Drone x2  
  49  5:31  Drone  
  49  5:32  Drone x3  
  47  6:00  Drone x3  
  47  6:01  Drone  
  47  6:03  Roach Warren, Drone  
  47  6:04  Drone x4  
  44  6:19  Drone  
  44  6:20  Drone x2  
  44  6:21  Queen, Drone  
  44  6:24  Overlord x3  
  44  6:25  Overlord  
  49  6:31  Zergling x4  
  49  6:32  Zergling x10  
  47  6:53  Drone x3  
  47  6:54  Drone x4  
  51  6:59  Drone x4  
  51  7:00  Lair  
  51  7:01  Queen  
  55  7:04  Queen  
  59  7:15  Baneling  
  59  7:16  Baneling x7  
  59  7:27  Extractor, Drone x2  
  59  7:28  Extractor, Drone  
  60  7:30  Drone x3  
  63  7:43  Queen  
  54  8:08  Roach x3  
  54  8:09  Roach x2  
  62  8:15  Roach x5  
  62  8:16  Zergling x14, Roach x2  
  62  8:17  Zergling x2, Roach  
  86  8:26  Overlord x2  
  86  8:27  Overlord  
  86  8:49  Zergling x8, Roach x5  
  86  8:53  Extractor  
  99  9:03  Zergling x6  
Tags
 
Add a new tag
Caveats
  • Supply blocks, unpowered buildings, or Contaminate may cause inaccurate times.
  • Supply counts are checked every 10 seconds.